 Dungeon Crawl Stone Soup version 0.23-a0-629-gae4348f (webtiles) character file.

4556 nikopol the Cleaver (level 10, -2/88 HPs)
             Began as a Hill Orc Fighter on Dec 26, 2018.
             Slain by a killer bee (6 damage)
             ... on level 8 of the Dungeon.
             The game lasted 00:20:00 (8065 turns).

nikopol the Cleaver (Hill Orc Fighter)              Turns: 8065, Time: 00:20:00

Health: -2/88      AC: 12    Str: 23    XL:     10   Next: 40%
Magic:  10/10      EV: 10    Int:  8    God:
Gold:   616        SH: 11    Dex: 10    Spells: 7/9 levels left

rFire    . . .     SeeInvis .   a - +1 war axe
rCold    . . .     Gourm    .   c - +0 shield
rNeg     . . .     Faith    .   b - +0 scale mail
rPois    .         Spirit   .   m - +0 helmet
rElec    .         Reflect  .   (no cloak)
rCorr    .         Harm     .   s - +2 pair of gloves
MR       .....                  (no boots)
Stlth    ..........             (no amulet)
HPRegen  0.24/turn              (no ring)
MPRegen  0.12/turn              (no ring)

@: lethally poisoned (-2 -> -2)
A: no striking features
a: no special abilities


You were on level 8 of the Dungeon.
You were not hungry.

You visited 1 branch of the dungeon, and saw 8 of its levels.
You also visited: Ossuary.

You collected 616 gold pieces.

Inventory:

Hand Weapons
 a - a +1 war axe (weapon)
Armour
 b - a +0 scale mail (worn)
 c - a +0 shield (worn)
 m - a +0 helmet (worn)
 s - a +2 pair of gloves (worn)
 A - a +2 plate armour of poison resistance
 D - a +2 pair of gloves
Jewellery
 C - an uncursed amulet of rage {unknown}
Wands
 n - a wand of flame (17)
 y - a wand of iceblast (3)
Scrolls
 e - 7 scrolls of remove curse
 i - a scroll of fear
 k - 4 scrolls of teleportation
 p - a scroll of amnesia
 q - a scroll of immolation
 x - 5 scrolls of identify
Potions
 d - a potion of might
 g - 3 potions of degeneration
 h - 6 potions of curing
 j - 2 potions of ambrosia
 l - 2 potions of heal wounds
 o - 2 potions of magic {unknown}
 r - 4 potions of haste {unknown}
 u - a potion of cancellation {unknown}
 v - a potion of flight {unknown}
 w - a potion of agility {unknown}
 z - 2 potions of lignification {unknown}
 B - 2 potions of invisibility {unknown}
Comestibles
 f - 4 rations


   Skills:
 + Level 7.7 Fighting
 + Level 12.8 Axes
 + Level 7.0 Armour
 + Level 3.4 Dodging
 + Level 0.8 Stealth
 + Level 7.5 Shields


You had 7 spell levels left.
You knew the following spells:

 Your Spells              Type           Power        Failure   Level  Hunger
a - Blink                 Tloc           N/A          99%         2    ###....

Your spell library contained the following spells:

 Spells                   Type           Power        Failure   Level  Hunger
 Confusing Touch          Hex            #.....       95%         1    ##.....
 Corona                   Hex            #......      95%         1    ##.....
 Infusion                 Chrm           #...         95%         1    ##.....
 Magic Dart               Conj           #...         95%         1    ##.....
 Call Imp                 Summ           #.......     99%         2    ###....
 Ensorcelled Hibernation  Hex/Ice        #.....       99%         2    ###....
 Shroud of Golubria       Chrm/Tloc      #.........   99%         2    ###....
 Slow                     Hex            #.......     99%         2    ###....
 Song of Slaying          Chrm           #.......     99%         2    ###....
 Confuse                  Hex            #.......     100%        3    ####...
 Conjure Flame            Conj/Fire      #.......     100%        3    ####...
 Dazzling Spray           Conj/Hex       #.....       100%        3    ####...
 Gell's Gravitas          Tloc           #.........   100%        3    ####...
 Mephitic Cloud           Conj/Pois/Air  #.......     100%        3    ####...
 Regeneration             Chrm/Necr      #.........   100%        3    ####...
 Spectral Weapon          Hex/Chrm       #.......     100%        3    ####...
 Tukima's Dance           Hex            #.......     100%        3    ####...
 Petrify                  Tmut/Erth      #.......     100%        4    #####..
 Metabolic Englaciation   Hex/Ice        #.........   100%        5    ######.
 Yara's Violent Unravell  Hex/Tmut       #.........   100%        5    ######.


Dungeon Overview and Level Annotations

Branches:
Dungeon (8/15)             Temple (0/1) D:4
   Lair: D:8-11

Altars:
Vehumet

Annotations:
D:6 3 runed doors, Duffy's ghost, novice NaWz; Killmatronix's ghost, novice MiAs; Shiggs's ghost, novice DgSk


Message History

There is an open door here.
The killer bee stings you.
* * * LOW HITPOINT WARNING * * *
The killer bee closely misses you. You block the killer bee's attack.
You slash the killer bee!
The killer bee is almost dead.
You closely miss the killer bee. The killer bee stings you.
* * * LOW HITPOINT WARNING * * *
You block the killer bee's attack.
The killer bee stings you but does no damage. x2
You barely miss the killer bee.
The killer bee is almost dead.
You closely miss the killer bee. The killer bee stings you.
* * * LOW HITPOINT WARNING * * *
The killer bee barely misses you.
An ice beast comes into view.
The killer bee stings you but does no damage.
The killer bee misses you.
You feel sick. The killer bee stings you.
You die...

## ............+...........(....
........##.....##...........#....
..##....##.....##...........#....
..##....##..................#....
............................#....
................†...##......#....
..).....##.....##...##......#....
........##.....###'###......#....
#'##....##.....#@y...#......#
...#....##.....#.y...#......#
...#...........#.....#......#
...#...........#....##......#
...#...........#....#########
...#....##.....##....
...#....##.....##..Y..
...#.........Z.##...##.
...#....Z......#


You could see an ice beast and 2 killer bees.

Vanquished Creatures
  2 hippogriffs
  2 water moccasins
  An ice beast (D:5)
  3 phantoms
  7 centaurs
  7 ogres
  6 bullfrogs
  A scorpion (D:6)
  16 killer bees
  6 wights
  4 crimson imps
  A howler monkey (D:6)
  3 hounds
  5 jellies
  A bullfrog skeleton (D:5)
  3 iguanas
  Terence (D:3)
  4 worker ants
  3 orc wizards (D:7)
  A big kobold zombie (Ossuary)
  9 mummies
  Robin (D:2)
  3 gnolls (D:7)
  7 adders
  3 shadow imps (D:5)
  2 oozes
  An adder zombie (D:4)
  6 worms
  3 dart slugs
  5 leopard geckos
  17 orcs
  6 ball pythons
  8 giant cockroaches
  19 goblins
  8 hobgoblins
  8 jackals
  A quokka (D:2)
  A ball python skeleton (D:4)
  10 bats
  2 hobgoblin zombies (Ossuary)
  6 kobolds
  3 kobold zombies (Ossuary)
  2 orc zombies (Ossuary)
  2 quokka skeletons
  7 rats
217 creatures vanquished.

Notes
Turn   | Place    | Note
-------+----------+-------------------------------------------
     0 | D:1      | nikopol the Hill Orc Fighter began the quest for the Orb.
     0 | D:1      | Reached XP level 1. HP: 19/19 MP: 1/1
    78 | D:1      | Reached skill level 3 in Axes
    78 | D:1      | Reached XP level 2. HP: 11/27 MP: 2/2
   447 | D:1      | Reached XP level 3. HP: 28/33 MP: 3/3
   764 | D:2      | Reached skill level 1 in Dodging
   779 | D:2      | Reached XP level 4. HP: 36/40 MP: 4/4
   964 | D:2      | Noticed Robin
   979 | D:2      | Killed Robin
   994 | D:2      | Reached skill level 4 in Axes
  1285 | D:2      | Reached XP level 5. HP: 31/46 MP: 5/5
  1456 | D:2      | Noticed a phantom
  1483 | D:2      | Killed a phantom
  1483 | D:2      | Reached skill level 5 in Axes
  1838 | D:3      | Reached XP level 6. HP: 53/53 MP: 6/6
  1942 | D:3      | Noticed Terence
  1950 | D:3      | Killed Terence
  2543 | D:4      | Noticed a phantom
  2980 | D:4      | Killed a phantom
  3138 | D:4      | Reached skill level 6 in Axes
  3254 | D:4      | Found a staircase to the Ecumenical Temple.
  3271 | D:4      | Reached XP level 7. HP: 54/60 MP: 7/7
  3810 | D:4      | You fall through a shaft!
  3810 | D:5      | Entered Level 5 of the Dungeon
  3820 | D:5      | Reached skill level 7 in Axes
  3937 | D:5      | Reached skill level 5 in Fighting
  3937 | D:5      | Reached skill level 5 in Armour
  3955 | D:5      | Reached skill level 5 in Shields
  3955 | D:5      | Reached XP level 8. HP: 29/68 MP: 8/8
  4119 | D:5      | Found a sand-covered staircase.
  4129 | D:5      | Reached skill level 8 in Axes
  4146 | Ossuary  | Entered an ossuary
  5014 | D:6      | Reached skill level 9 in Axes
  5289 | D:6      | Found a runed gate.
  5289 | D:6      | Found a runed gate.
  5293 | D:6      | Reached XP level 9. HP: 76/78 MP: 9/9
  5294 | D:6      | Reached skill level 10 in Axes
  5325 | D:6      | Noticed Killmatronix's ghost (novice MiAs)
  5325 | D:6      | Noticed Shiggs's ghost (novice DgSk)
  5329 | D:6      | Found a runed gate.
  5331 | D:6      | Noticed Duffy's ghost (novice NaWz)
  6533 | D:7      | Reached skill level 11 in Axes
  7326 | D:7      | Reached skill level 12 in Axes
  7326 | D:7      | Reached XP level 10. HP: 76/86 MP: 10/10
  7429 | D:8      | Found a radiant altar of Vehumet.
  7644 | D:8      | Learned a level 2 spell: Blink
  8065 | D:8      | HP: 4/88 [poisoned by a killer bee]
  8065 | D:8      | Slain by a killer bee

Vault maps used:
D:1:      minmay_arrival_stair_chambers, st_stairs_8, dk_noncrumbling_3
D:2:      uniq_robin
D:3:      serial_bayou_pond_a, st_stairs_13, uniq_terence
D:4:      minmay_temple_entry_arrows, first_ration,
          chequers_serial_rivers_micro_a, minmay_checkerbox
D:5:      gup_ossuary_entry_pyramid
D:6:      gammafunk_ghost_cemetery
D:8:      fiery_altar_vehumet, david_nohive_1, minivault_24
Ossuary:  ossuary_tomb_3

Skill      XL: |  1  2  3  4  5  6  7  8  9 10 |
---------------+-------------------------------+-----
Axes           | 3 4 5 6 7 9 12 | 12.8
Dodging        | 1 2 3 |  3.4
Shields        | 4 5 6 7 |  7.5
Fighting       | 4 5 6 7 |  7.7
Armour         | 4 5 6 7 |  7.0
Stealth        | |  0.8

Action                   |  1- 3 |  4- 6 |  7- 9 | 10-12 || total
-------------------------+-------+-------+-------+-------++-------
Melee: War axe           |    81 |   267 |   411 |   123 ||   882
  Use: Scroll            |       |       |    12 |       ||    12
       Potion            |       |       |     2 |       ||     2
  Eat: Chunk             |       |     5 |    13 |     3 ||    21
       Ration            |       |     1 |       |       ||     1
Armor: Scale mail        |    43 |   114 |   126 |    60 ||   343
Dodge: Dodged            |    44 |    82 |   118 |    52 ||   296
Block: Shield            |    54 |   130 |   207 |    87 ||   478

Table legend:
 A = Non-vault XP
 B = Vault XP
 C = Vault XP percentage of total XP
 D = Non-vault monster count
 E = Vault monster count
 F = Vault count percentage of total count
                 A         B        C        D         E       F
            +---------+---------+-------+---------+---------+-------
      Total |    5571 |     938 |  14.4 |     170 |      47 |  21.7
            +---------+---------+-------+---------+---------+-------
        D:1 |      32 |       3 |   8.6 |      16 |       2 |  11.1
        D:2 |     228 |      37 |  14.0 |      29 |      13 |  31.0
        D:3 |      83 |      38 |  31.4 |      28 |       2 |   6.7
        D:4 |     446 |      43 |   8.8 |      12 |       3 |  20.0
        D:5 |     657 |      18 |   2.7 |      17 |       1 |   5.6
        D:6 |    1301 |       0 |   0.0 |      22 |       0 |   0.0
        D:7 |    1845 |       0 |   0.0 |      36 |       0 |   0.0
        D:8 |     979 |     620 |  38.8 |      10 |      10 |  50.0
    Ossuary |       0 |     179 | 100.0 |       0 |      16 | 100.0
            +---------+---------+-------+---------+---------+-------
